 Dungeon Crawl Stone Soup version 0.21-a0-634-gaf8bc5d (webtiles) character file.

3221 Lanoc the Nimble (level 9, 0/64 HPs)
             Began as a Vampire Wanderer on Dec 29, 2017.
             Was a Believer of Sif Muna.
             Slain by an orc warrior
             ... wielding a +0 war axe
              (13 damage)
             ... on level 7 of the Dungeon.
             The game lasted 00:25:27 (7411 turns).

Lanoc the Nimble (Vampire Wanderer)                 Turns: 7411, Time: 00:25:28

Health: 0/64       AC: 10    Str: 10    XL:     9   Next: 66%
Magic:  19/19      EV: 17    Int: 18    God:    Sif Muna [**....]
Gold:   391        SH:  0    Dex: 14    Spells: 9/21 levels left

rFire    . . .     SeeInvis +   F - +2 trident (distort)
rCold    . . .     Gourm    .   (no shield)
rNeg     . . .     Faith    .   d - +0 robe
rPois    .         Spirit   .   I - +1 hat
rElec    .         Reflect  .   (no cloak)
rCorr    .         Harm     .   (no gloves)
MR       .....                  p - +2 pair of boots {Fly}
Stlth    ++........             (no amulet)
HPRegen  0.40/turn              m - +4 ring of protection
MPRegen  0.16/turn              (no ring)

@: regenerating quickly
A: fangs 3, see invisible, unbreathing
a: Divine Energy, Renounce Religion, Evoke Flight


You were on level 7 of the Dungeon.
You worshipped Sif Muna.
Sif Muna was pleased with you.
You were very full.

You visited 2 branches of the dungeon, and saw 8 of its levels.
You also visited: Sewer.

You collected 391 gold pieces.

Inventory:

Hand Weapons
 F - a +2 trident of distortion (weapon)
Armour
 a - a cursed -1 plate armour
 d - a +0 robe (worn)
 p - a +2 pair of boots of flying (worn)
 I - a +1 hat (worn)
Jewellery
 m - a +4 ring of protection (left hand)
Wands
 h - a wand of flame (27)
 q - a wand of clouds (5)
 v - a wand of iceblast (18)
 y - a wand of disintegration (10)
 G - a wand of acid (3)
Scrolls
 b - 2 scrolls of magic mapping
 f - 6 scrolls of remove curse {unknown}
 g - 4 scrolls of teleportation {unknown}
 j - 7 scrolls of identify {unknown}
 k - a scroll of enchant armour {unknown}
 o - 3 scrolls of enchant weapon {unknown}
 r - 2 scrolls of fog {unknown}
 s - 3 scrolls of blinking {unknown}
 t - 2 scrolls of immolation {unknown}
 w - a scroll of holy word {unknown}
 A - a scroll of noise {unknown}
 E - a scroll of amnesia {unknown}
 H - 2 scrolls of vulnerability {unknown}
Potions
 c - 8 potions of curing
 e - 3 potions of resistance
 i - 4 potions of flight {unknown}
 l - a potion of berserk rage {unknown}
 n - 12 potions of blood
 u - a potion of mutation {unknown}
 x - a potion of haste {unknown}
 z - 2 potions of heal wounds {unknown}
 B - 3 potions of agility {unknown}
 C - a potion of might
Books
 D - a book of Conjurations

   Spells                             Type                      Level
   a - Magic Dart                     Conjuration                  1
   b - Searing Ray                    Conjuration                  2
   c - Dazzling Spray                 Conjuration/Hexes            3
   d - Fulminant Prism                Conjuration/Hexes            4
   e - Force Lance                    Conjuration/Translocation    4
   f - Iskenderun's Mystic Blast      Conjuration                  4


   Skills:
 - Level 3.2 Fighting
 + Level 8.3 Dodging
 - Level 1.5 Stealth
   Level 1.0 Shields
 + Level 6.9 Spellcasting
 + Level 1.5 Conjurations
   Level 4.0 Summonings
 + Level 8.1 Necromancy


You had 9 spell levels left.
You knew the following spells:

 Your Spells              Type           Power        Failure   Level  Hunger
a - Animate Skeleton      Necr           N/A          1%          1    None
b - Regeneration          Chrm/Necr      ###.......   6%          3    ##.....
c - Iskenderun's Mystic   Conj           ##......     50%         4    ####...
d - Force Lance           Conj/Tloc      #.......     61%         4    ####...


Dungeon Overview and Level Annotations

Branches:
Dungeon (7/15)             Temple (1/1) D:5

Altars:
Cheibriados
Dithmenos
Elyvilon
Fedhas
Gozag
Hepliaklqana
Kikubaaqudgha
Makhleb
Nemelex Xobeh
Okawaru
Qazlal
Ru
Sif Muna
Trog
Wu Jian
Xom
Yredelemnul
Zin
The Shining One

Annotations:
D:7 1 runed door


Innate Abilities, Weirdness & Mutations

Your natural rate of healing is unusually fast.
You have razor-sharp teeth.
You have supernaturally acute eyesight. (SInv)
You can survive without breathing.


Message History

* * * LOW HITPOINT WARNING * * *
You blink.
You feel sick.
You feel sick.
You feel sick.
Attack whom?
Press: ? - help, Dir - move target cursor, f - orc warrior
Aim: an orc warrior, wielding a war axe and wearing a chain mail You barely miss the orc warrior.
You feel sick. The orc warrior misses you.
Attack whom?
Press: ? - help, Dir - move target cursor, f/p - orc warrior
Aim: an orc warrior, wielding a war axe and wearing a chain mail You hit the orc warrior.
Space bends around the orc warrior.
The orc warrior is moderately wounded.
You feel sick.
The orc warrior hits you with a war axe!
* * * LOW HITPOINT WARNING * * *
You feel better.
The orc warrior hits you with a war axe!
You die... #.####....#.# ##..#### #...........# #....... ##########################..#...[ # #ooo...(................. # .o....o###...############.... # ......! #..oo'.......#....... # oo.....

#..o.#######.#.#.....
# .......
#...o###...#.#.#.....
# ......?
#...@#.......#.#.....
# .......
#....#.#.#.###.#.....
# .......
#....#.#.#.# #.#.##.#
# #.####.#.#.#
#.#.##.# # #.#
#.#.#.# #.#.##.# #
#.# #.#.#.# #.#.##.#
# #.# #.#.#.#
#.#.##.. #.# #.#<..#
#)#.#### ..#
#.#.#####.#.#


You could see an orc warrior, an orc wizard (invisible) and 2 orcs.

Vanquished Creatures
  An unseen horror (D:6)
  Pikel (D:6)
  Sigmund (D:2)
  Eustachio (D:6)
  Menkaure (D:6)
  A black bear (D:6)
  2 slaves (D:6)
  2 ogres (D:4)
  An ice beast (D:7)
  2 centaurs (D:6)
  3 bullfrogs
  A howler monkey (D:6)
  A crimson imp (D:6)
  2 bullfrog zombies
  3 bullfrog skeletons
  2 hounds (D:7)
  2 orc wizards (D:7)
  A centaur skeleton (D:7)
  An iguana (D:5)
  4 worker ants
  Natasha (D:3)
  A worker ant zombie (D:7)
  9 gnolls
  6 adders
  A shadow imp (D:5)
  4 oozes
  An adder skeleton (D:6)
  6 worms
  A dart slug (D:2)
  3 leopard geckos
  10 orcs
  4 bats
  3 giant cockroaches
  2 goblins
  3 hobgoblins
  3 jackals (D:4)
  18 kobolds
  4 quokkas
  4 ball pythons
  8 frilled lizards
  A quokka zombie (D:5)
  5 rats
131 creatures vanquished.

Vanquished Creatures (collateral kills)
  An ogre (D:3)
  A big kobold (Sewer)
  A worm (D:2)
  An orc (D:3)
  2 bats
  A frilled lizard (Sewer)
  A rat (D:3)
8 creatures vanquished.

Vanquished Creatures (others)
  A water moccasin (D:7)
  2 slaves (D:6)
  A water moccasin zombie (D:7)
  A scorpion (D:7)
  A water moccasin skeleton (D:7)
  An adder zombie (D:7)
  2 orcs (D:7)
  A quokka (D:5)
10 creatures vanquished.

Grand Total: 149 creatures vanquished

Notes
Turn   | Place    | Note
-------+----------+-------------------------------------------
     0 | D:1      | Lanoc the Vampire Wanderer began the quest for the Orb.
     0 | D:1      | Lanoc set off with: a +2 spear, the Guide on Darkness, a potion of curing, a +0 robe, a potion of blood
     0 | D:1      | Reached XP level 1. HP: 16/16 MP: 2/2
     0 | D:1      | Identified the Guide on Darkness
     2 | D:1      | Learned a level 1 spell: Animate Skeleton
   401 | D:1      | Reached XP level 2. HP: 22/22 MP: 3/3
   734 | D:2      | Noticed Sigmund
   750 | D:2      | Killed Sigmund
   750 | D:2      | Reached XP level 3. HP: 9/28 MP: 2/6
   750 | D:2      | Reached XP level 4. HP: 11/34 MP: 2/7
   750 | D:2      | Reached XP level 5. HP: 13/40 MP: 2/8
  1066 | D:2      | Learned a level 3 spell: Regeneration
  1561 | D:2      | Found a deep blue altar of Sif Muna.
  1564 | D:2      | Became a worshipper of Sif Muna the Loreminder
  1984 | D:3      | Noticed an ogre
  1992 | D:3      | Killed an ogre
  1992 | D:3      | Reached XP level 6. HP: 46/47 MP: 10/10
  2714 | D:3      | Noticed Natasha
  2723 | D:3      | Killed Natasha
  2893 | D:4      | Found a shadowy altar of Dithmenos.
  3508 | D:5      | Entered Level 5 of the Dungeon
  3538 | D:4      | HP: 2/47 [ogre/giant club (11)]
  3661 | D:4      | Reached XP level 7. HP: 44/52 MP: 12/12
  3940 | D:5      | Found a staircase to the Ecumenical Temple.
  3956 | Temple   | Entered the Ecumenical Temple
  4191 | D:5      | HP: 2/52 [gnoll/whip (9)]
  4510 | D:5      | Found an ancient bone altar of Kikubaaqudgha.
  4558 | D:5      | Found a white marble altar of Elyvilon.
  5152 | D:6      | Found a glowing drain.
  5203 | Sewer    | Entered a sewer
  5426 | Sewer    | Reached skill level 5 in Dodging
  5537 | D:6      | Reached skill level 5 in Necromancy
  5624 | D:6      | Noticed Menkaure
  5728 | D:6      | Noticed Eustachio
  5734 | D:6      | Killed Menkaure
  5734 | D:6      | Reached * piety under Sif Muna
  5734 | D:6      | Reached XP level 8. HP: 56/58 MP: 13/15
  5773 | D:6      | Killed Eustachio
  5817 | D:6      | Reached skill level 5 in Spellcasting
  6045 | D:6      | Noticed an unseen horror
  6050 | D:6      | Killed an unseen horror
  6188 | D:6      | Reached XP level 9. HP: 55/64 MP: 16/18
  6198 | D:6      | Noticed Pikel
  6228 | D:6      | Found a sparkling altar of Nemelex Xobeh.
  6411 | D:6      | Killed Pikel
  6411 | D:6      | Reached ** piety under Sif Muna
  6703 | D:6      | Learned a level 4 spell: Iskenderun's Mystic Blast
  6708 | D:6      | Learned a level 4 spell: Force Lance
  7066 | D:7      | Reached skill level 1 in Conjurations
  7310 | D:7      | Found a runed door.
  7410 | D:7      | HP: 2/64 [orc warrior/war axe (11)]
  7411 | D:7      | Slain by an orc warrior

Vault maps used:
D:1:      lightli_arrival_maybe_door_vault, corexii_leaking_fountain,
          minmay_misc_feat_roman
D:2:      lemuel_blue_sif_altar, first_ration, minmay_statues_item,
          feat_on_display, uniq_sigmund
D:3:      serial_park_tiny_pond, uniq_natasha
D:4:      nicolae_zen_rock_garden, grunt_dithmenos_smoke_and_mirrors
D:5:      kiku_gazebo_garden_becter, minmay_temple_entry_statues_fountains,
          elyvilon_altar_4
D:6:      basic_altar, cheibrodos_sewer_entry_bend, minivault_26, uniq_pikel,
          uniq_menkaure, uniq_eustachio
D:7:      uniq_crazy_yiuf_cottage
Temple:   nicolae_temple_elliptical
Sewer:    kennysheep_pipe_town

Skill      XL: |  1  2  3  4  5  6  7  8  9 |
---------------+----------------------------+-----
Fighting       | 2 3 |  3.2
Dodging        | 2 3 4 5 7 8 |  8.3
Spellcasting   | 2 3 4 6 |  6.9
Necromancy     | 2 3 4 5 7 8 |  8.1
Conjurations   | 1 |  1.5
Stealth        | |  1.5
Shields        | |  1.0
Summonings     | |  4.0

Action                   |  1- 3 |  4- 6 |  7- 9 || total
-------------------------+-------+-------+-------++-------
Melee: Spear             |    30 |   198 |   288 ||   516
       Bite              |       |    12 |    37 ||    49
       Trident           |       |       |   139 ||   139
 Cast: Animate Skeleton  |     1 |     5 |     5 ||    11
 Abil: Stop Flying       |       |     1 |       ||     1
  Use: Potion            |     2 |    18 |    22 ||    42
       Scroll            |       |       |     1 ||     1
 Stab: Sleeping          |     3 |     5 |     5 ||    13
       Distracted        |       |       |     2 ||     2
Armor: Robe              |       |    37 |   103 ||   140
Dodge: Dodged            |    15 |   118 |   329 ||   462

Table legend:
 A = Spawn XP
 B = Non-spawn XP
 C = Spawn XP percentage of total XP
 D = Spawn monster count
 E = Non-spawn monster count
 F = Spawn count percentage of total count
 G = Total turns spent on level
                    A         B        C        D         E        F      G
               +---------+---------+-------+---------+---------+-------+---------
         Total |       0 |    4602 |   0.0 |       0 |     144 |   0.0 |  7411
               +---------+---------+-------+---------+---------+-------+---------
           D:1 |       0 |      12 |   0.0 |       0 |       6 |   0.0 |   712
           D:2 |       0 |     313 |   0.0 |       0 |      20 |   0.0 |  1241
           D:3 |       0 |     191 |   0.0 |       0 |      22 |   0.0 |   930
           D:4 |       0 |     270 |   0.0 |       0 |      10 |   0.0 |   765
           D:5 |       0 |     278 |   0.0 |       0 |      12 |   0.0 |  1343
           D:6 |       0 |    2483 |   0.0 |       0 |      27 |   0.0 |  1243
           D:7 |       0 |     930 |   0.0 |       0 |      23 |   0.0 |   744
         Sewer |       0 |     125 |   0.0 |       0 |      24 |   0.0 |   300
               +---------+---------+-------+---------+---------+-------+---------
